 Dungeon Crawl Stone Soup version 0.30-a0-1164-ge08a67761e (webtiles) character file.

Game seed: 12437355239602948466

236 ryw the Cudgeller (level 5, 0/41 HPs)
             Began as a Mummy Fighter on Apr 30, 2023.
             Slain by a gnoll
             ... wielding a +0 club
              (3 damage)
             ... on level 4 of the Dungeon.
             The game lasted 00:04:15 (2347 turns).

ryw the Cudgeller (Mummy Fighter)                   Turns: 2347, Time: 00:04:16

Health: 0/41       AC:  7    Str: 22    XL:     5   Next: 77%
Magic:  5/5        EV:  9    Int:  9    God:
Gold:   205        SH:  4    Dex: 11    Spells: 4/4 levels left

rFire   . . .        a - +0 flail (freeze)
rCold   + . .        c - +0 buckler
rNeg    + + +        b - +0 scale mail
rPois   ∞            (no helmet)
rElec   +            (no cloak)
rCorr   .            r - +0 pair of gloves
SInv    .            (no boots)
Will    .....        (no amulet) Stlth
                     e - ring "Moemniel" {rElec rF+ Int+2}
HPRegen 0.26/turn    (no ring)
MPRegen 0.09/turn

%: faith
@: about to teleport
A: cold resistance 1, negative energy resistance 3, torment resistance 2, heat
vulnerability 1, in touch with death 1, no potions, faith
a: no special abilities


You were on level 4 of the Dungeon.
You visited 1 branch of the dungeon, and saw 4 of its levels.

You collected 228 gold pieces.
You spent 23 gold pieces at shops.

Inventory:

Hand Weapons
 a - a +0 flail of freezing (weapon)
Missiles
 d - 4 atropa-tipped darts
 g - 10 poisoned darts (quivered)
Armour
 b - a +0 scale mail (worn)
 c - a +0 buckler (worn)
 r - a +0 pair of gloves (worn)
Jewellery
 e - the ring "Moemniel" (left hand) {rElec rF+ Int+2}
   (You acquired it on level 1 of the Dungeon)

   [ring of protection from fire]

   Int:       It affects your intelligence (+2).
   rF:        It protects you from fire.
   rElec:     It insulates you from electricity.
Wands
 k - a wand of charming (5)
Scrolls
 f - 2 scrolls of teleportation
 h - 2 scrolls of magic mapping
 i - a scroll of enchant weapon
 j - a scroll of noise {unknown}
 l - a scroll of silence {unknown}
 m - a scroll of brand weapon
 n - a scroll of vulnerability {unknown}
 p - a scroll of immolation {unknown}
 q - a scroll of torment {unknown}
 s - a scroll of butterflies {unknown}


   Skills:
 - Level 3.0 Fighting
 + Level 5.1 Maces & Flails
 - Level 2.4 Armour
 - Level 2.4 Shields


You had 4 spell levels left.
You didn't know any spells.
Your spell library contained the following spells:

 Spells                   Type           Power      Damage    Failure   Level
 Lesser Beckoning         Tloc           0%         N/A       89%         2
 Gell's Gravitas          Tloc           0%         N/A       98%         3
 Teleport Other           Tloc           0%         N/A       98%         3
 Simulacrum               Ice/Necr       0%         N/A       100%        6
 Ozocubu's Refrigeration  Ice            0%         4d7       100%        7
 Polar Vortex             Ice            0%         N/A       100%        9


Dungeon Overview and Level Annotations

Branches:
Dungeon (4/15)
 Temple: D:4-7

Altars:

Shops:
D:2 ?:*

Annotations:
D:4 1 transporter


Innate Abilities, Weirdness & Mutations

You are immune to poison.
Your flesh is cold resistant. (rC+)
You are immune to negative energy. (rN+++)
You are immune to unholy pain and torment.
You are vulnerable to heat. (rF-)
You are in touch with the powers of death.
You do not drink.
You have a special connection with the divine. (Faith)


Message History

The kobold barely misses you.
You barely miss the kobold. The kobold hits you but does no damage.
You hit the kobold. You freeze the kobold.
You kill the kobold!
Things that are here:
a +0 short sword; a stone A gnoll comes into view.
It is wielding a +0 spear.
Found 6 stones.
The gnoll shouts!
You barely miss the gnoll. The gnoll hits you with a +0 club.
The gnoll hits you from afar with a +0 spear.
You barely miss the gnoll. You block the gnoll's attack.
The gnoll barely misses you. The gnoll hits you but does no damage.
The gnoll hits you with a +0 club.
You barely miss the gnoll.
The gnoll hits you from afar with a +0 spear.
The gnoll hits you but does no damage.
You barely miss the gnoll. The gnoll barely misses you. x2
The gnoll hits you with a +0 club.
You barely miss the gnoll. The gnoll barely misses you. x3
You closely miss the gnoll. The gnoll hits you with a +0 club.
The gnoll hits you but does no damage.
The gnoll hits you from afar with a +0 spear.
Things that are here:
a +0 short sword; a stone The gnoll attacks as you move away!
The gnoll closely misses you. The gnoll attacks as you move away!
The gnoll closely misses you. x2
The gnoll attacks as you move away! The gnoll hits you with a +0 club.
* * * LOW HITPOINT WARNING * * *
The gnoll attacks as you move away! The gnoll hits you with a +0 club.
* * * LOW HITPOINT WARNING * * *
The gnoll hits you but does no damage.
As you read the scroll of teleportation, it crumbles to dust.
You feel strangely unstable.
The gnoll hits you from afar with a +0 spear.
* * * LOW HITPOINT WARNING * * *
The gnoll barely misses you. x2
You block the gnoll's attack. The gnoll hits you but does no damage.
The gnoll attacks as you move away! The gnoll hits you with a +0 club.
You die...

..............##
...............##
..............†.##
.................##
.........##.......##
##....######.......## ###
###### ##.......## ..##
Z.... ####.........## ....#
.ZZ..###.......@.....##.....
...ZZ#.......###gg.[........
.ZZ$!#.....### ##g.........#
...[©#©..### ##........##
...$$#..## ##........#
.....#### ####..........
.°..○# ######..)..........
..... #.................#
#### (.......)......####


You could see 3 gnolls.

Vanquished Creatures
  A scorpion (D:3)
  A hound (D:4)
  An iguana (D:4)
  3 gnolls (D:3)
  4 adders
  4 dart slugs
  5 ball pythons
  5 endoplasms
  A giant cockroach (D:1)
  5 goblins
  4 hobgoblins
  3 jackals (D:2)
  A quokka (D:1)
  2 bats
  2 frilled lizards (D:2)
  7 kobolds
  4 rats
53 creatures vanquished.

Notes
Turn   | Place    | Note
-------+----------+-------------------------------------------
     0 | D:1      | ryw the Mummy Fighter began the quest for the Orb.
     0 | D:1      | Reached XP level 1. HP: 18/18 MP: 1/1
     1 | D:1      | Noticed an electric eel
   156 | D:1      | Reached skill level 2 in Maces & Flails
   201 | D:1      | Reached XP level 2. HP: 24/24 MP: 2/2
   604 | D:1      | Identified a scroll of acquirement
   605 | D:1      | Acquired the ring "Moemniel" {rElec rF+ Int+2}
   765 | D:2      | Reached skill level 3 in Maces & Flails
   765 | D:2      | Gained mutation: You are in touch with the powers of death.
                  | [Mummy growth]
   765 | D:2      | Reached XP level 3. HP: 25/29 MP: 3/3
   806 | D:2      | Found Forr's Magic Scroll Shop.
   939 | D:2      | Found Maism's Assorted Antiques.
   946 | D:2      | Bought a scroll labelled EJOB FOCUIQECE for 23 gold pieces
   972 | D:2      | Found Veol's Book Boutique.
  1378 | D:3      | Reached XP level 4. HP: 35/35 MP: 4/4
  1547 | D:3      | Reached skill level 4 in Maces & Flails
  1619 | D:3      | Noticed a scorpion
  1634 | D:3      | Killed a scorpion
  1635 | D:3      | Reached XP level 5. HP: 25/41 MP: 5/5
  1854 | D:3      | Found a faded altar of an unknown god.
  2229 | D:4      | Reached skill level 5 in Maces & Flails
  2299 | D:4      | Found a transporter.
  2345 | D:4      | HP: 2/41 [gnoll/+0 spear (2)]
  2347 | D:4      | Slain by a gnoll

Illustrated notes

Levels and vault maps discovered:
D:1:      arrival_aquarium_a, layout_basic
D:2:      layout_loops_cross, serial_shops, nicolae_shop_rolling_square,
          nicolae_shop_tiny_real_fake_doors, shop, minmay_tetromino_o2
D:3:      layout_rooms, hellmonk_ecumenical_altar_crossroads,
          chequers_serial_rivers_micro_a
D:4:      gammafunk_cloud_chamber, layout_cave_pods,
          nemelex_xobeh_ov_fountains_minmay

Skill      XL: |  1  2  3  4  5 |
---------------+----------------+-----
Maces & Flails | 2 3 4 5 |  5.1
Fighting       | |  3.0
Armour         | |  2.4
Shields        | |  2.4

Action                     |  1- 3 |  4- 6 || total
---------------------------+-------+-------++-------
  Melee: Flail             |    88 |    71 ||   159
  Throw: Dart              |       |     5 ||     5
    Use: Scroll            |     4 |     4 ||     8
 Armour: Scale mail        |    40 |    26 ||    66
  Dodge: Dodged            |    42 |    34 ||    76
  Block: Buckler           |     6 |    19 ||    25

Table legend: (Time is in decaauts)
 A = Elapsed time spent in this place.
 B = Non-inter-level travel time spent in this place.
 C = Inter-level travel time spent in this place.
 D = Time resting spent in this place.
 E = Time spent auto-exploring this place.
 F = Levels seen in this place.
 G = Mean time per level.
                   A        B        C        D        E       F      G
               +--------+--------+--------+--------+--------+-----+--------+
         Total |   2390 |   2330 |     60 |    244 |   1615 |   4 |  597.5 |
       Dungeon |   2390 |   2330 |     60 |    244 |   1615 |   4 |  597.5 |
               +--------+--------+--------+--------+--------+-----+--------+

Top non-repeatable levels by time:
     D:2: 801 daAuts
     D:1: 634 daAuts
     D:3: 631 daAuts
     D:4: 324 daAuts
